 Dungeon Crawl Stone Soup version 0.31-a0-889-g1a8549509d (webtiles) character file.

Game seed: 10287089787714997978

70 LeprechaunX the Changeling (level 4, -6/29 HPs)
             Began as an Octopode Shapeshifter on Oct 16, 2023.
             Mangled by a gnoll
             ... wielding a +0 halberd
              (12 damage)
             ... on level 2 of the Dungeon.
             The game lasted 00:02:04 (1429 turns).

LeprechaunX the Changeling (Octopode Shapeshifter)  Turns: 1429, Time: 00:02:04

Health: -6/29      AC:  1    Str: 15    XL:     4   Next: 22%
Magic:  4/4        EV: 13    Int: 12    God:
Gold:   61         SH:  0    Dex: 11    Spells: 3/3 levels left

rFire   . . .        k - +5 short sword of Tyseahes {freeze, *Corrode rPois rN+ Will+}
rCold   . . .        (no shield)
rNeg    + . .        (helmet currently unavailable)
rPois   +            (no amulet)
rElec   .            (no ring)
rCorr   .            (no ring)
SInv    .            (no ring)
Will    +....        (no ring)
Stlth   ++           (no ring)
HPRegen 0.24/turn    (no ring)
MPRegen 0.09/turn    (no ring)
                     (no ring)

%: corrode self (3%)
@: beast-form
A: beast (slay +2), almost no armour, amphibious, 8 rings, camouflage 1,
gelatinous body 1, (nimble swimmer 1), tentacles
a: Begin Untransformation


You were on level 2 of the Dungeon.
You were a hulking beast.
You visited 1 branch of the dungeon, and saw 4 of its levels.

You collected 61 gold pieces.

Inventory:

Hand Weapons
 a - a +0 sling
 k - the +5 short sword of Tyseahes (weapon) {freeze, *Corrode rPois rN+ Will+}
   (You took it off a goblin on level 2 of the Dungeon)

   rPois:     It protects you from poison rN+: It protects you from negative
   energy.
   Will+:     It increases your willpower.
   *Corrode:  It may corrode you when you take damage.
Missiles
 f - 2 boomerangs
Talismans
 b - a beast talisman (active)
 c - a flux talisman
Scrolls
 d - a scroll of vulnerability {unknown}
 i - a scroll of butterflies {unknown}
 j - a scroll of revelation {unknown}
Potions
 e - a potion of lignification
 g - a potion of berserk rage {unknown}
 h - a potion of curing {unknown}


   Skills:
 + Level 1.9 Fighting
 + Level 2.5 Dodging
 + Level 3.4 Unarmed Combat
 * Level 3.7 Shapeshifting


You had 3 spell levels left.
You didn't know any spells.
Your spell library contained the following spells:

 Spells                   Type           Power      Damage    Failure   Level
 Poisonous Vapours        Pois/Air       0%         N/A       45%         2
 Mephitic Cloud           Conj/Pois/Air  0%         N/A       69%         3
 Freezing Cloud           Conj/Ice/Air   0%         6-21      100%        5


Dungeon Overview and Level Annotations

Branches:
Dungeon (4/15)
 Temple: D:4-7

Altars:

Shops:
D:1 (=(


Innate Abilities, Weirdness & Mutations

You are a hulking beast.
Your limbs bulge with bestial killing power. (Slay +2)
You cannot wear most types of armour.
You are amphibious.
You can wear up to eight rings at the same time.
Your skin changes colour to match your surroundings (Stealth+).
Your rubbery body absorbs attacks. (AC +1, EV +1)
((You are camouflaged when in or above water. (Stealth+)))
You have tentacles for arms and can constrict up to eight enemies at once.


Message History

No target in view!
No target in view!
Things that are here:
the +5 short sword of Tyseahes {freeze, *Corrode rPois rN+ Will+}; the +0 ring mail of Gouq {rC+++ Dex+2} You see here a +0 dagger.
j - a scroll labelled ENIMPO KIUKACW You see here a +0 dagger.
Things that are here:
the +5 short sword of Tyseahes {freeze, *Corrode rPois rN+ Will+}; the +0 ring mail of Gouq {rC+++ Dex+2}
k - the +5 short sword of Tyseahes {freeze, *Corrode rPois rN+ Will+} The +5 short sword of Tyseahes {freeze, *Corrode rPois rN+ Will+} glows with a cold blue light!
k - the +5 short sword of Tyseahes (weapon)
{freeze, *Corrode rPois rN+ Will+} 2 gnolls come into view.
Found a stone staircase leading down.
The gnoll shouts!
You hear a shout!
There are monsters nearby!
There are monsters nearby!
There are monsters nearby!
A gnoll comes into view. It is wielding a +0 halberd.
The gnoll barely misses you.
You hit the gnoll. You freeze the gnoll. You grab the gnoll.
The gnoll is moderately wounded.
You constrict the gnoll. The gnoll hits you with a +0 club.
The gnoll hits you from afar with a +0 halberd!
You are too injured to fight recklessly!
You are too injured to fight recklessly!
You are too injured to fight recklessly!
Unknown command.
You release your grip on the gnoll.
The gnoll attacks as it pursues you!
The gnoll hits you from afar with a +0 halberd.
You hit the gnoll. You freeze the gnoll. You grab the gnoll.
The gnoll is severely wounded.
You constrict the gnoll. The gnoll barely misses you.
You puncture the gnoll! You freeze the gnoll.
You kill the gnoll!
The gnoll hits you from afar with a +0 halberd.
* * * LOW HITPOINT WARNING * * *
You completely miss the gnoll. You grab the gnoll. You constrict the gnoll.
The gnoll hits you from afar with a +0 halberd!
You die...

##.# #.##
#..## ..
##..## ..
##..#####.#
##.....#.#
#####.#.#
#.#.#
#h#.#####
#.gg.>..#
#####.###


You could see 2 gnolls.

Vanquished Creatures
  A gnoll (D:2)
  2 adders
  4 dart slugs
  An orc (D:3)
  3 endoplasms
  2 giant cockroaches
  3 goblins
  4 hobgoblins
  A quokka (D:2)
  3 ball pythons (D:1)
  2 bats
  3 frilled lizards
  3 kobolds
  3 rats
35 creatures vanquished.

Notes
Turn   | Place    | Note
-------+----------+-------------------------------------------
     0 | D:1      | LeprechaunX the Octopode Shapeshifter began the quest for
                  | the Orb.
     0 | D:1      | Reached XP level 1. HP: 13/13 MP: 1/1
   270 | D:1      | Found Ejallac's Jewellery Emporium.
   361 | D:1      | Reached XP level 2. HP: 15/18 MP: 2/2
   375 | D:1      | Found Akhiyx's Weapon Shoppe.
   428 | D:1      | Found Myijelun's Antique Weapon Shoppe.
   812 | D:1      | Reached XP level 3. HP: 21/23 MP: 3/3
  1060 | D:2      | You fall into a shaft and drop 2 floors!
  1326 | D:2      | Reached XP level 4. HP: 29/29 MP: 4/4
  1356 | D:2      | Identified the +5 short sword of Tyseahes {freeze, *Corrode
                  | rPois rN+ Will+}
  1356 | D:2      | Identified the +0 ring mail of Gouq {rC+++ Dex+2}
  1429 | D:2      | Mangled by a gnoll

Illustrated notes

Levels and vault maps discovered:
D:1:      dpeg_arrival_chambers_temple_mockup, layout_basic, serial_shops,
          nicolae_shop_hallway_plus, nicolae_shop_crystal,
          nicolae_shop_tiny_statue_garden, dreamdust_mushroom_princess
D:2:      layout_basic
D:3:      layout_loops_ring, nicolae_sif_muna_condensation
D:4:      layout_loops_cross, lemuel_coloured_pillars_altar,
          grunt_gozag_breadcrumbs

Action                     |  1- 3 |  4- 6 || total
---------------------------+-------+-------++-------
  Melee: Unarmed           |    60 |     6 ||    66
         Tentacles         |    13 |     1 ||    14
         Constrict         |    16 |     5 ||    21
         Punch             |     1 |       ||     1
         Short sword       |       |     4 ||     4
   Stab: Sleeping          |     7 |       ||     7
 Armour: Skin              |    19 |     6 ||    25
  Dodge: Dodged            |    28 |     6 ||    34

Table legend: (Time is in decaauts)
 A = Elapsed time spent in this place.
 B = Non-inter-level travel time spent in this place.
 C = Inter-level travel time spent in this place.
 D = Time resting spent in this place.
 E = Time spent auto-exploring this place.
 F = Levels seen in this place.
 G = Mean time per level.
                   A        B        C        D        E       F      G
               +--------+--------+--------+--------+--------+-----+--------+
         Total |   1423 |   1328 |     95 |     40 |   1075 |   4 |  355.8 |
       Dungeon |   1423 |   1328 |     95 |     40 |   1075 |   4 |  355.8 |
               +--------+--------+--------+--------+--------+-----+--------+

Top non-repeatable levels by time:
     D:1: 970 daAuts
     D:3: 256 daAuts
     D:2: 192 daAuts
     D:4: 3 daAuts
